 Dungeon Crawl Stone Soup version 0.32-a0-450-g080537f31e (webtiles) character file.

Game seed: 4762840928420368583

1633 CougarLife the Geomancer (level 8, -6/41 HPs)
             Began as a Gargoyle Earth Elementalist on Feb 24, 2024.
             Mangled by an iguana (8 damage)
             ... on level 6 of the Dungeon.
             The game lasted 00:04:01 (4934 turns).

CougarLife the Geomancer (GrEE)                     Turns: 4934, Time: 00:04:01

Health: -6/41      AC:  8    Str: 13    XL:     8   Next: 98%
Magic:  2/17       EV: 12    Int: 23    God:
Gold:   440        SH:  0    Dex: 10    Spells: 15/19 levels left

rFire   . . .        B - +1 dagger (venom)
rCold   + . .        (no shield)
rNeg    + . .        a - +0 robe
rPois   ∞            (no helmet)
rElec   +            v - +0 cloak
rCorr   .            (no gloves)
SInv    .            (no boots)
Will    .....        (no amulet)
Stlth   ++           s - +6 ring of intelligence
HPRegen 0.26/turn    q - ring of protection from cold
MPRegen 0.15/turn

%: no passive effects
@: no status effects
A: sickness immunity, AC +5, negative energy resistance 1, electricity
resistance, torment resistance 1, petrification resistance
a: no special abilities


You were on level 6 of the Dungeon.
You visited 1 branch of the dungeon, and saw 6 of its levels.

You collected 440 gold pieces.

Inventory:

Hand Weapons
 B - a +1 dagger of venom (weapon)
Missiles
 y - a throwing net
Armour
 a - a +0 robe (worn)
 v - a +0 cloak (worn)
Jewellery
 q - a ring of protection from cold (right hand)
 s - a +6 ring of intelligence (left hand)
Wands
 e - a wand of roots (9)
 l - a wand of polymorph (10)
 x - a wand of flame (54)
 A - a wand of mindburst (21)
Scrolls
 c - a scroll of vulnerability {unknown}
 d - 2 scrolls of revelation {unknown}
 i - a scroll of fog
 k - 5 scrolls of fear {unknown}
 m - 3 scrolls of identify
 p - a scroll of enchant weapon {unknown}
 r - 3 scrolls of teleportation {unknown}
 t - a scroll of acquirement {unknown}
 u - a scroll of brand weapon {unknown}
 w - 2 scrolls of enchant armour {unknown}
Potions
 b - a potion of magic
 f - a potion of mutation {unknown}
 g - a potion of curing {unknown}
 h - 2 potions of enlightenment {unknown}
 j - 2 potions of heal wounds {unknown}
 n - 2 potions of brilliance {unknown}
 o - a potion of degeneration {unknown}
 z - a potion of haste {unknown}
 C - a potion of berserk rage {unknown}
 D - a potion of resistance {unknown}


   Skills:
 - Level 2.0 Dodging
 - Level 2.8 Stealth
 + Level 6.0 Spellcasting
 + Level 6.8 Conjurations
 + Level 8.3 Earth Magic


You had 15 spell levels left.
You knew the following spells:

 Your Spells              Type           Power      Damage    Failure   Level
a - Sandblast             Erth           90%        2d19      1%          1
b - Stone Arrow           Conj/Erth      82%        3d12      1%          3

Your spell library contained the following spells:

 Spells                   Type           Power      Damage    Failure   Level
 Passwall                 Erth           45%        N/A       1%          3
 Brom's Barrelling Bould  Conj/Erth      41%        2d6       3%          4
 Call Imp                 Summ           12%        N/A       13%         2
 Ensorcelled Hibernation  Hex/Ice        12%        N/A       13%         2
 Petrify                  Alch/Erth      26%        N/A       16%         4
 Call Canine Familiar     Summ           6%         N/A       26%         3
 Fugue of the Fallen      Necr           6%         N/A       26%         3
 Sigil of Binding         Hex            6%         N/A       26%         3
 Summon Ice Beast         Ice/Summ       6%         N/A       26%         3
 Anguish                  Hex/Necr       3%         N/A       63%         4
 Dimensional Bullseye     Hex/Tloc       3%         N/A       63%         4
 Summon Mana Viper        Hex/Summ       6%         N/A       93%         5
 Monstrous Menagerie      Summ           3%         N/A       100%        7
 Summon Hydra             Summ           3%         N/A       100%        7
 Sublimation of Blood     Necr           Unusable   N/A       N/A         2

Dungeon Overview and Level Annotations

Branches:
Dungeon (6/15)             Temple (0/1) D:6

Altars:
Nemelex Xobeh
Trog
Wu Jian


Innate Abilities, Weirdness & Mutations

You are immune to sickness and miasma.
Your stone body is resilient. (AC +5)
You are immune to poison.
You resist negative energy. (rN+)
You are resistant to electric shocks. (rElec)
You are resistant to unholy torment.
You are immune to petrification.


Message History

The blast of sand hits the gnoll sergeant but does no damage.
The gnoll sergeant closely misses you. The gnoll sergeant misses you.
Casting: Sandblast (safe; 1% risk of failure)
Confirm with . or Enter, or press ? or * to list all spells.
Aiming: Sandblast (safe; 1% risk of failure)
Press: ? - help, Shift-Dir - straight line, f/p - gnoll sergeant
Aim: a gnoll sergeant, wielding a +0 spear and wearing a +0 scale mail (89% to hit)
The blast of sand hits the gnoll sergeant!
The gnoll sergeant is heavily wounded.
The gnoll sergeant hits you from afar with a +0 spear.
The gnoll hits you but does no damage.
Casting: Sandblast (safe; 1% risk of failure)
Confirm with . or Enter, or press ? or * to list all spells.
Aiming: Sandblast (safe; 1% risk of failure)
Press: ? - help, Shift-Dir - straight line, f/p - gnoll sergeant
Aim: a gnoll sergeant, wielding a +0 spear and wearing a +0 scale mail (heavily wounded, 89% to hit)
The blast of sand hits the gnoll sergeant!
The gnoll sergeant is almost dead.
The gnoll sergeant hits you from afar with a +0 spear.
* * * LOW HITPOINT WARNING * * *
The gnoll hits you with a +0 flail.
* * * LOW HITPOINT WARNING * * *
The gnoll sergeant misses you. The gnoll hits you with a +0 flail.
* * * LOW HITPOINT WARNING * * *
The iguana bites you but does no damage.
Casting: Sandblast (safe; 1% risk of failure)
Confirm with . or Enter, or press ? or * to list all spells.
Aiming: Sandblast (safe; 1% risk of failure)
Press: ? - help, Shift-Dir - straight line, f/p - gnoll sergeant
Aim: a gnoll sergeant, wielding a +0 spear and wearing a +0 scale mail (almost dead, 89% to hit)
The blast of sand hits the gnoll sergeant!!
You kill the gnoll sergeant!
The gnoll closely misses you. The iguana bites you.
* * * LOW HITPOINT WARNING * * *
Your Spellcasting skill increases to level 6!
As you read the scroll labelled UQERUXENTA, it crumbles to dust.
It is a scroll of identify.
i - a scroll of fog The gnoll closely misses you.
The iguana bites you!
You die...

#........[.....##..###.# .
...####...............## ..
.### #.............##..#...
#..###......####...##......
.##....###...##..?.........
.####...#(...##...........#
..# #........#............#
..####......(....l..)).....
.#.###..........@g)#.#....g
.#..##...........g#.#.#..#g
###.))...........#)#.#.#.#
.##...............#.>.#...#
.###.............#.#.#.#..#
....>.............#.#.#..#.
...................#.#...#
...#..)>.................
...##)............#.....


You could see an iguana and 2 gnolls.

Vanquished Creatures
  Grinder (D:4)
  A steam dragon (D:6)
  A black bear (D:5)
  2 phantoms
  A gnoll sergeant (D:6)
  3 scorpions
  A howler monkey (D:4)
  3 jellies
  3 hounds
  A gnoll bouda (D:6)
  An orc priest (D:4)
  Crazy Yiuf (D:3)
  A sleepcap (D:5)
  Ijyb (D:4)
  Natasha (thrice) (D:2)
  4 iguanas
  5 adders
  11 gnolls
  A white imp (D:6)
  2 ufetubi (D:6)
  A ribbon worm (D:2)
  2 dart slugs
  22 orcs
  6 bats
  9 endoplasms
  3 giant cockroaches
  13 goblins
  2 hobgoblins
  2 jackals (D:1)
  A quokka (D:2)
  4 ball pythons
  7 frilled lizards
  6 kobolds
  22 rats
147 creatures vanquished.

Notes
Turn   | Place    | Note
-------+----------+-------------------------------------------
     0 | D:1      | CougarLife the Gargoyle Earth Elementalist began the quest
                  | for the Orb.
     0 | D:1      | Reached XP level 1. HP: 10/10 MP: 3/3
   152 | D:1      | Reached XP level 2. HP: 15/15 MP: 1/5
   504 | D:1      | Found a faded altar of an unknown god.
   840 | D:1      | Reached XP level 3. HP: 19/19 MP: 3/6
   913 | D:2      | Noticed Natasha
   917 | D:2      | Killed Natasha
   918 | D:2      | Reached skill level 4 in Earth Magic
  1227 | D:2      | Noticed Natasha
  1233 | D:2      | Reached XP level 4. HP: 21/24 MP: 4/7
  1502 | D:2      | Killed Natasha
  1515 | D:2      | Noticed Natasha
  1518 | D:2      | Killed Natasha
  1613 | D:2      | Reached XP level 5. HP: 28/28 MP: 4/9
  1953 | D:2      | Learned a level 3 spell: Stone Arrow
  2006 | D:3      | Found a runed translucent door.
  2007 | D:3      | Noticed Crazy Yiuf
  2114 | D:3      | Found a bloodstained altar of Trog.
  2285 | D:3      | Noticed a phantom
  2293 | D:3      | Killed a phantom
  2294 | D:3      | Reached skill level 5 in Earth Magic
  2294 | D:3      | Reached XP level 6. HP: 25/32 MP: 3/11
  2479 | D:3      | Found an ornate altar of the Wu Jian Council.
  2480 | D:3      | Found a sparkling altar of Nemelex Xobeh.
  2694 | D:3      | Killed Crazy Yiuf
  2968 | D:4      | Reached XP level 7. HP: 36/36 MP: 7/12
  3149 | D:4      | Noticed Grinder
  3156 | D:4      | Paralysed by Grinder for 4 turns
  3168 | D:4      | Killed Grinder
  3169 | D:4      | Reached skill level 6 in Earth Magic
  3238 | D:4      | Noticed Ijyb
  3242 | D:4      | Reached skill level 5 in Conjurations
  3242 | D:4      | Killed Ijyb
  3632 | D:5      | Entered Level 5 of the Dungeon
  3637 | D:5      | Reached XP level 8. HP: 41/41 MP: 10/15
  3764 | D:5      | Reached skill level 5 in Spellcasting
  3764 | D:5      | Reached skill level 7 in Earth Magic
  4916 | D:6      | Found a staircase to the Ecumenical Temple.
  4927 | D:6      | Reached skill level 8 in Earth Magic
  4933 | D:6      | HP: 2/41 [iguana (3)]
  4934 | D:6      | Mangled by an iguana

Illustrated notes

Levels and vault maps discovered:
D:1:      amcnicky_arrival_double_pillar, layout_basic, basic_ecumenical_altar
D:2:      layout_basic, hex_medium, minmay_rat_hole, uniq_natasha
D:3:      kennysheep_the_goblin_king, layout_rooms, grunt_temple_overflow_open,
          uniq_crazy_yiuf_cottage
D:4:      layout_rooms, grunt_ministairs_10, kennysheep_generic_room_3,
          uniq_grinder, uniq_ijyb
D:5:      layout_gridville
D:6:      layout_layer_cave, minmay_temple_entry_grid

Skill      XL: |  1  2  3  4  5  6  7  8 |
---------------+-------------------------+-----
Dodging        | 2 |  2.0
Earth Magic    | 4 5 6 8 |  8.3
Conjurations   | 2 3 4 5 6 |  6.8
Spellcasting   | 3 4 6 |  6.0
Stealth        | |  2.8

Action                     |  1- 3 |  4- 6 |  7- 9 || total
---------------------------+-------+-------+-------++-------
  Melee: Unarmed           |     4 |       |       ||     4
         Dagger            |     6 |    90 |       ||    96
   Cast: Sandblast         |    40 |    72 |   107 ||   219
         Stone Arrow       |       |     2 |     7 ||     9
    Use: Scroll            |       |       |     1 ||     1
 Armour: Robe              |    10 |    82 |    58 ||   150
  Dodge: Dodged            |    20 |    94 |    48 ||   162

Table legend: (Time is in decaauts)
 A = Elapsed time spent in this place.
 B = Non-inter-level travel time spent in this place.
 C = Inter-level travel time spent in this place.
 D = Time resting spent in this place.
 E = Time spent auto-exploring this place.
 F = Levels seen in this place.
 G = Mean time per level.
                   A        B        C        D        E       F      G
               +--------+--------+--------+--------+--------+-----+--------+
         Total |   5043 |   4806 |    237 |    156 |   3837 |   6 |  840.5 |
       Dungeon |   5043 |   4806 |    237 |    156 |   3837 |   6 |  840.5 |
               +--------+--------+--------+--------+--------+-----+--------+

Top non-repeatable levels by time:
     D:2: 1060 daAuts
     D:1: 924 daAuts
     D:4: 907 daAuts
     D:3: 879 daAuts
     D:5: 718 daAuts
     D:6: 553 daAuts
